 Dungeon Crawl Stone Soup version 0.19-a0-644-gd04d753 (webtiles) character file.

434 Ijustatesigmund the Cutter (level 7, -3/49 HPs)
             Began as a Halfling Fighter on June 13, 2016.
             Killed by nerve-wracking pain
             ... invoked by an orc priest
              (12 damage)
             ... on level 4 of the Dungeon on June 14, 2016.
             The game lasted 00:08:59 (3504 turns).

Ijustatesigmund the Cutter (Halfling Fighter)       Turns: 3504, Time: 00:09:01

Health: -3/49      AC:  7    Str: 21    XL:     7   Next: 20%
Magic:  7/7        EV: 12    Int:  7    God:
Gold:   261        SH: 10    Dex: 16    Spells: 0 memorised, 6 levels left

rFire  . . .     SeeInvis .     a - +1 rapier
rCold  + . .     Gourm    .     s - +0 ring mail {rC+}
rNeg   . . .     Faith    .     c - +0 shield
rPois  .         Spirit   .     k - +2 hat
rElec  .         Dismiss  .     (no cloak)
rCorr  .         Reflect  .     (no gloves)
SustAt .         Harm     .     (no boots)
MR     .....                    (no amulet)
Stlth  +.........               (no ring)
                                (no ring)

@: mighty, not resistant to hostile enchantments, very unstealthy
A: mutation resistance 1
a: no special abilities


You were on level 4 of the Dungeon.
You were not hungry.

You visited 1 branch of the dungeon, and saw 4 of its levels.

You collected 261 gold pieces.

Inventory:

Hand Weapons
 a - a +1 rapier (weapon)
Missiles
 i - 3 tomahawks (quivered)
Armour
 c - a +0 shield (worn)
 k - a +2 hat (worn)
 s - a +0 ring mail of cold resistance (worn)
Wands
 e - a wand of flame (26/48)
 o - a wand of acid (6/15)
Scrolls
 j - a scroll of remove curse
 m - a scroll of fog
 p - a scroll of amnesia
Potions
 d - 2 potions of might
 h - 2 potions of agility
 l - 2 potions of haste
 n - a potion of cure mutation
 q - a potion of flight {unknown}
Comestibles
 f - 2 bread rations
 g - 3 meat rations
 r - a chunk of flesh


   Skills:
 + Level 4.8 Fighting
 + Level 6.1 Short Blades
 - Level 3.2 Armour
 - Level 3.2 Dodging
 - Level 0.2 Stealth
 - Level 3.2 Shields


You had 6 spell levels left.
You didn't know any spells.

Dungeon Overview and Level Annotations

Branches:
Dungeon (4/15)
 Temple: D:4-7

Altars:
Makhleb
Trog


Innate Abilities, Weirdness & Mutations

You are small and have problems with some larger weapons.
You are somewhat resistant to further mutation.


Message History

The orc is lightly wounded.
The orc priest invokes the aid of Beogh against you.
Beogh smites you! You block the orc's attack.
You hit the orc but do no damage.
The orc is lightly wounded.
The orc hits you with a club.
* * * LOW HITPOINT WARNING * * *
The orc misses you.
You are too injured to fight recklessly!
You are too injured to fight recklessly!
You feel very mighty all of a sudden. The orc hits you but does no damage.
You block the orc priest's attack. The orc barely misses you.
You hit the orc priest.
The orc priest is moderately wounded.
The orc hits you with a club.
* * * LOW HITPOINT WARNING * * *
The orc priest invokes the aid of Beogh against you.
Pain shoots through your body!
You die...

... #.# ###.#########
.#########......##..^#
.........)......#...##
.........#..........##
.........#........_.##
.........#..........## #
......)@.#..††..#...##.#
...(..ooo#...)..##..'.#
.........#...[...#######
.........#........####.#
.........####...........
.......... #...........
..#####... #...........
#. #.... #...........
#...........


You could see an orc priest and 2 orcs.

Vanquished Creatures
  Sigmund (D:2)
  An orc wizard (D:4)
  A centaur skeleton (D:3)
  An orc priest (D:3)
  Jessica (D:2)
  A worker ant (D:4)
  6 adders
  2 worms (D:3)
  A dart slug (D:1)
  2 giant geckos (D:4)
  7 orcs
  2 ball pythons
  6 giant cockroaches
  4 goblins
  7 hobgoblins
  11 kobolds
  4 quokkas
  7 bats
  4 giant newts
  8 rats
77 creatures vanquished.

Notes
Turn   | Place    | Note
--------------------------------------------------------------
     0 | D:1      | Ijustatesigmund the Halfling Fighter began the quest for the Orb.
     0 | D:1      | Reached XP level 1. HP: 15/15 MP: 1/1
   297 | D:1      | Reached XP level 2. HP: 21/21 MP: 2/2
   357 | D:1      | Reached skill level 3 in Short Blades
   584 | D:1      | Reached XP level 3. HP: 24/26 MP: 3/3
   699 | D:1      | Reached skill level 1 in Dodging
   748 | D:2      | Noticed Jessica
   760 | D:2      | Killed Jessica
   760 | D:2      | Reached XP level 4. HP: 2/31 MP: 4/4
   761 | D:2      | Upgraded the game from 0.19-a0-628-g9200b3b to 0.19-a0-644-gd04d753
  1443 | D:2      | Noticed Sigmund
  1512 | D:2      | Killed Sigmund
  1512 | D:2      | Reached skill level 4 in Short Blades
  1512 | D:2      | Reached XP level 5. HP: 12/37 MP: 5/5
  1512 | D:2      | Reached XP level 6. HP: 15/43 MP: 6/6
  2343 | D:3      | Reached skill level 5 in Short Blades
  2841 | D:3      | Found a burning altar of Makhleb.
  3297 | D:4      | Reached XP level 7. HP: 44/49 MP: 7/7
  3345 | D:4      | Found a bloodstained altar of Trog.
  3494 | D:4      | Reached skill level 6 in Short Blades
  3504 | D:4      | Killed from afar by an orc priest

Vault maps used:
D:1:      dpeg_arrival_pits, minivault_19
D:2:      uniq_jessica, uniq_sigmund
D:3:      nicolae_overflow_hidden_temple, first_bread
D:4:      minivault_14, trog_butcher_becter, uniq_blork_the_orc

Skill      XL: |  1  2  3  4  5  6  7 |
---------------+----------------------+-----
Fighting       | 3 4 |  4.8
Short Blades   | 3 4 5 6 |  6.1
Dodging        | 1 3 |  3.2
Armour         | |  3.2
Stealth        | |  0.2
Shields        | |  3.2

Action                   |  1- 3 |  4- 6 |  7- 9 || total
-------------------------+-------+-------+-------++-------
Melee: Rapier            |    78 |   209 |    38 ||   325
Throw: Tomahawk          |     2 |     2 |       ||     4
Evoke: Wand              |       |     1 |       ||     1
  Use: Potion            |       |     4 |     1 ||     5
       Scroll            |       |    10 |       ||    10
  Eat: Chunk             |       |     4 |       ||     4
       Bread ration      |       |     1 |       ||     1
Armor: Scale mail        |    47 |    53 |     6 ||   106
       Ring mail         |       |       |     2 ||     2
Dodge: Dodged            |    34 |    80 |    20 ||   134
Block: Shield            |    55 |    80 |    18 ||   153
